 Dungeon Crawl Stone Soup version 0.20.1-1-g8b1a95d (webtiles) character file.

102 sepiko the Charmwright (level 4, 0/33 HPs)
             Began as a Merfolk Skald on July 26, 2017.
             Succumbed to an adder's poison
             ... on level 2 of the Dungeon.
             The game lasted 00:08:39 (1909 turns).

sepiko the Charmwright (Merfolk Skald)              Turns: 1909, Time: 00:08:40

Health: 0/33       AC:  3    Str: 16    XL:     4   Next: 77%
Magic:  2/7        EV: 12    Int: 13    God:
Gold:   77         SH:  0    Dex: 13    Spells: 6/7 levels left

rFire    . . .     SeeInvis .   a - +0 spear
rCold    . . .     Gourm    .   (no shield)
rNeg     . . .     Faith    .   b - +0 leather armour
rPois    .         Spirit   .   (no helmet)
rElec    .         Reflect  .   (no cloak)
rCorr    .         Harm     .   (no gloves)
MR       .....                  (no boots)
Stlth    +.........             (no amulet)
Regen    0.2/turn               (no ring)
MPRegen  0.1/turn               (no ring)

@: mighty, lethally poisoned (0 -> -1), infused (expiring)
A: change form in water, swift swim, stealthy swim
a: no special abilities


You were on level 2 of the Dungeon.
You were hungry.

You visited 1 branch of the dungeon, and saw 2 of its levels.

You collected 77 gold pieces.

Inventory:

Hand Weapons
 a - a +0 spear (weapon)
Armour
 b - a +0 leather armour (worn)
Scrolls
 g - 2 scrolls of teleportation {unknown}
 h - a scroll of enchant weapon {unknown}
 i - 3 scrolls of identify {unknown}
 j - a scroll of remove curse {unknown}
 k - a scroll of recharging {unknown}
Potions
 e - a potion of might
Books
 c - a book of Battle

   Spells                             Type                      Level
   a - Infusion                       Charms                       1
   b - Shroud of Golubria             Charms/Translocation         2
   c - Song of Slaying                Charms                       2
   d - Spectral Weapon                Hexes/Charms                 3
   e - Regeneration                   Charms/Necromancy            3
Comestibles
 d - 2 bread rations
 f - 4 chunks of flesh
 l - 2 royal jellies


   Skills:
 - Level 2.1 Fighting
 - Level 3.0 Polearms
 - Level 0.6 Armour
 - Level 2.6 Dodging
 - Level 2.4 Spellcasting
 + Level 5.5 Charms


You had 6 spell levels left.
You knew the following spells:

 Your Spells              Type           Power        Failure   Level  Hunger
a - Infusion              Chrm           ###.         3%          1    #......


Dungeon Overview and Level Annotations

Branches:
Dungeon (2/15)

Altars:


Message History

It was a potion of might.
You feel very mighty all of a sudden. The frilled lizard barely misses you.
You puncture the frilled lizard!
You kill the frilled lizard!
You closely miss the giant cockroach. The giant cockroach misses you.
You closely miss the giant cockroach.
* * * LOW HITPOINT WARNING * * *
You feel sick. The giant cockroach closely misses you.
You barely miss the giant cockroach.
The giant cockroach bites you but does no damage.
You hit the giant cockroach!
You kill the giant cockroach!
Your magical infusion is running out.
Things that are here:
a giant cockroach corpse; a frilled lizard corpse; an adder corpse Butcher a giant cockroach corpse? [(y)es/(c)hoosy/(n)o/(a)ll/(e)dible/(q)uit/?]
Butcher a frilled lizard corpse? [(y)es/(c)hoosy/(n)o/(a)ll/(e)dible/(q)uit/?]
You butcher the frilled lizard corpse.
You stop butchering the corpse.
You die...

...... #...
.....#### #...
.......# #...
......# #... .....#
#... ....# #...
#+#...# #... #.#...#
###. #@#...# #####.
######### #>'...+
......
........####'#...##
####..
...................#
###.
..............##...+
#... ..............#
...# #...
#########.....# ...#
#... #.....# ...#
#... #.....# ..
##...


There were no monsters in sight!

Vanquished Creatures
  2 adders (D:2)
  4 oozes (D:1)
  2 worms (D:2)
  5 dart slugs
  A leopard gecko (D:1)
  3 ball pythons
  4 bats
  4 giant cockroaches
  6 goblins (D:1)
  4 hobgoblins
  6 kobolds
  5 frilled lizards
  6 rats
52 creatures vanquished.

Notes
Turn   | Place    | Note
-------+----------+-------------------------------------------
     0 | D:1      | sepiko the Merfolk Skald began the quest for the Orb.
     0 | D:1      | Reached XP level 1. HP: 16/16 MP: 3/3
    63 | D:1      | Reached XP level 2. HP: 11/22 MP: 0/5
   307 | D:1      | Reached skill level 4 in Charms
   403 | D:1      | Reached XP level 3. HP: 21/27 MP: 6/6
   523 | D:1      | HP: 1/27 [kobold/short sword (2)]
  1454 | D:1      | Reached XP level 4. HP: 33/33 MP: 7/7
  1531 | D:2      | Reached skill level 5 in Charms
  1901 | D:2      | HP: 1/33 [poisoned by an adder]
  1909 | D:2      | Succumbed to an adder's poison

Skill      XL: |  1  2  3  4 |
---------------+-------------+-----
Charms         | 4 5 |  5.5
Fighting       | |  2.1
Polearms       | |  3.0
Armour         | |  0.6
Dodging        | |  2.6
Spellcasting   | |  2.4

Action                   |  1- 3 |  4- 6 || total
-------------------------+-------+-------++-------
Melee: Spear             |   147 |    71 ||   218
 Cast: Infusion          |     3 |     3 ||     6
  Use: Potion            |       |     1 ||     1
 Stab: Sleeping          |     1 |       ||     1
  Eat: Chunk             |     1 |     2 ||     3
Armor: Leather armour    |    24 |    11 ||    35
Dodge: Dodged            |    62 |    33 ||    95
